 Dungeon Crawl Stone Soup version 0.23.0-38-g208d714 (webtiles) character file.

Game seed: 14801942375346532704

293 MalarOregon the Spear-Bearer (level 6, -14/66 HPs)
             Began as a Merfolk Skald on Feb 27, 2019.
             Demolished by Crazy Yiuf
             ... wielding a +3 quarterstaff of chaos
              (20 damage)
             ... on level 2 of the Dungeon.
             The game lasted 00:06:14 (3267 turns).

MalarOregon the Spear-Bearer (Merfolk Skald)        Turns: 3267, Time: 00:06:15

Health: -14/66     AC: 23    Str: 13    XL:     6   Next: 33%
Magic:  9/9        EV:  2    Int: 12    God:
Gold:   163        SH:  0    Dex: 14    Spells: 8/9 levels left

rFire    . . .     SeeInvis .   a - +1 spear
rCold    . . .     Gourm    .   (no shield)
rNeg     + + +     Faith    .   (armour currently unavailable)
rPois    +         Spirit   .   (helmet currently unavailable)
rElec    .         Reflect  .   (cloak currently unavailable)
rCorr    .         Harm     .   (gloves currently unavailable)
MR       .....     NoTele   +   (boots currently unavailable)
Stlth    +.........             (no amulet)
HPRegen  0.21/turn              (no ring)
MPRegen  0.11/turn              (no ring)

@: tree-form
A: (change form in water), (swift swim), (stealthy swim)
a: no special abilities


You were on level 2 of the Dungeon.
You were hungry.
You were a tree.
You visited 1 branch of the dungeon, and saw 3 of its levels.
You also visited: Sewer.

You collected 163 gold pieces.

Inventory:

Hand Weapons
 a - a +1 spear (weapon)
 d - a +2 short sword of protection
   (You took it off a big kobold in a sewer)
 i - a +0 blowgun
   (You took it off a kobold in a sewer)
Missiles
 o - 25 poisoned needles
Armour
 b - a +0 leather armour (melded)
Scrolls
 g - 4 scrolls of identify {@r1}
 j - a scroll of remove curse {@r2}
 l - a scroll of fog {unknown}
 n - a scroll of enchant weapon
 p - a scroll of teleportation {unknown}
Potions
 c - a potion of flight
 h - 2 potions of curing {@q1}
 m - a potion of berserk rage {unknown}
Comestibles
 e - 4 rations {!d}
 q - a chunk of flesh


   Skills:
 - Level 2.1 Fighting
 + Level 9.4 Polearms
 - Level 0.6 Armour
 - Level 2.6 Dodging
 - Level 2.0 Spellcasting
 - Level 3.2 Charms


You had 8 spell levels left.
You knew the following spells:

 Your Spells              Type           Power        Failure   Level  Hunger
a - Infusion              Chrm           #...         7%          1    ##.....

Your spell library contained the following spells:

 Spells                   Type           Power        Failure   Level  Hunger
 Song of Slaying          Chrm           #.......     11%         2    ###....
 Shroud of Golubria       Chrm/Tloc      #.........   22%         2    ###....
 Regeneration             Chrm/Necr      #.........   38%         3    ####...
 Spectral Weapon          Hex/Chrm       #.......     38%         3    ####...


Dungeon Overview and Level Annotations

Branches:
Dungeon (3/15)

Altars:
Kikubaaqudgha
Okawaru
Xom

Annotations:
D:2 2 transporters, Crazy Yiuf


Message History

It was a scroll of blinking.
The gnoll shouts!
The gnoll closely misses you.
There is an open gate here.
There is an open door here.
There is an open door here.
You see here a +0 flail.
Your magical contamination has completely faded away.
The gnoll hits you but does no damage.
You see here a +0 dagger.
You are feeling hungry.
You see here a stone.
You open the door.
There is an open door here.
There is a stone staircase leading up, spattered with blood here.
The gnoll hits you with a +0 club.
* * * LOW HITPOINT WARNING * * *
You climb upwards.
Level annotation: 2 transporters, Crazy Yiuf Crazy Yiuf hits you with a +3 quarterstaff of chaos!
* * * LOW HITPOINT WARNING * * *
Crazy Yiuf hits you with a +3 quarterstaff of chaos.
* * * LOW HITPOINT WARNING * * *
You are lethally poisoned!
There is a stone staircase leading down, spattered with blood here.
You feel better. The gnoll hits you with a +0 club.
* * * LOW HITPOINT WARNING * * *
Crazy Yiuf closely misses you.
Really quaff
k - a potion of lignification {!q}?
Really quaff the potion of lignification?
You turn into a tree.
Your +0 leather armour melds into your body.
Your roots penetrate the ground.
The gnoll hits you but does no damage. Crazy Yiuf hits you but does no damage.
Unknown command.
It was a potion of flight.
Your roots keep you in place.
The gnoll hits you but does no damage.
You barely miss Crazy Yiuf. Crazy Yiuf hits you but does no damage.
The gnoll hits you but does no damage.
You hit Crazy Yiuf. Crazy Yiuf completely misses you.
You hit Crazy Yiuf. The gnoll hits you but does no damage.
You hit Crazy Yiuf.
Crazy Yiuf hits you with a +3 quarterstaff of chaos.
* * * LOW HITPOINT WARNING * * *
You hit Crazy Yiuf but do no damage. The gnoll hits you but does no damage.
You closely miss Crazy Yiuf. Crazy Yiuf hits you but does no damage.
You hit Crazy Yiuf. The gnoll hits you but does no damage.
You closely miss Crazy Yiuf. Crazy Yiuf hits you but does no damage.
You are electrocuted!!
You die...

####### # ##♣g...##
# ##..g....## #
#.........# #
#.........# #
#.........# #
#.........# #
#.........##########
##........##........
#.............#.♣.♣.


You could see Crazy Yiuf and a gnoll.

Vanquished Creatures
  A big kobold (Sewer)
  A vampire bat (D:3)
  Jessica (D:3)
  3 adders
  2 gnolls (D:3)
  2 river rats
  2 oozes
  2 worms
  2 dart slugs (D:1)
  5 leopard geckos
  An orc (D:3)
  2 ball pythons (D:3)
  6 bats
  2 bat skeletons (D:3)
  3 bat zombies (D:3)
  A giant cockroach (D:3)
  4 goblins
  13 hobgoblins
  A jackal (Sewer)
  A quokka (D:3)
  2 frilled lizards (D:1)
  8 kobolds
  8 rats
73 creatures vanquished.

Notes
Turn   | Place    | Note
-------+----------+-------------------------------------------
     0 | D:1      | MalarOregon the Merfolk Skald began the quest for the Orb.
     0 | D:1      | Reached XP level 1. HP: 16/16 MP: 3/3
   178 | D:1      | Reached skill level 4 in Polearms
   178 | D:1      | Reached XP level 2. HP: 22/22 MP: 5/5
   431 | D:1      | Reached skill level 5 in Polearms
   431 | D:1      | Reached XP level 3. HP: 27/27 MP: 6/6
   955 | D:2      | Found a transporter.
   960 | D:2      | Noticed a scorpion
   961 | D:2      | Found a shimmering altar of Xom.
   978 | D:2      | Found a transporter.
  1024 | D:2      | Found an iron altar of Okawaru.
  1038 | D:2      | Reached skill level 6 in Polearms
  1331 | D:2      | Found a runed translucent door.
  1332 | D:2      | Noticed Crazy Yiuf
  1360 | D:2      | Reached XP level 4. HP: 18/33 MP: 7/7
  2008 | D:3      | Noticed Jessica
  2011 | D:3      | Killed Jessica
  2165 | D:3      | Reached skill level 7 in Polearms
  2191 | D:3      | Found an ancient bone altar of Kikubaaqudgha.
  2203 | D:3      | Reached XP level 5. HP: 31/38 MP: 8/8
  2263 | D:3      | Found a glowing drain.
  2298 | D:3      | HP: 2/57 [poisoned by an adder]
  2309 | D:3      | Reached skill level 8 in Polearms
  2455 | Sewer    | Entered a sewer
  2538 | Sewer    | Noticed a big kobold
  2617 | Sewer    | Killed a big kobold
  2617 | Sewer    | Reached skill level 9 in Polearms
  2617 | Sewer    | Reached XP level 6. HP: 21/44 MP: 9/9
  2792 | Sewer    | Found a glowing silver altar of Zin.
  3256 | D:2      | HP: 2/44 [Crazy Yiuf/+3 quarterstaff of chaos (6)]
  3267 | D:2      | Demolished by Crazy Yiuf

Skill      XL: |  1  2  3  4  5 |
---------------+----------------+-----
Polearms       | 4 5 6 7 9 |  9.4
Fighting       | |  2.1
Armour         | |  0.6
Dodging        | |  2.6
Spellcasting   | |  2.0
Charms         | |  3.2

Action                   |  1- 3 |  4- 6 || total
-------------------------+-------+-------++-------
Melee: Spear             |   130 |   238 ||   368
       Tailslap          |       |     2 ||     2
  Use: Potion            |       |     7 ||     7
       Scroll            |       |     4 ||     4
 Stab: Sleeping          |     2 |     1 ||     3
  Eat: Chunk             |     1 |     6 ||     7
Armor: Leather armour    |     9 |    35 ||    44
       Skin              |       |    17 ||    17
Dodge: Dodged            |    42 |   117 ||   159
